Map: Ruins of Seras

Players

Grumm - Winner!

  • Race: Zerg Zerg
  • League: Gold

A.I. 1 (Harder)

  • Race: Terran Terran

VOD

Have the link to the VOD?

Description

Time

  • Played on: Feb. 7, 2016, 1:33 p.m.
  • Length: 17:47
Show
View Real Time Build Order
Export as new Build Order

Grumm Zerg - Winner!

Build Orders: 3 Hatch before Pool 

Get SALT Encoding   

  12  0:02  Drone  
  13  0:13  Overlord  
  13  0:19  Drone  
  14  0:31  Drone  
  14  0:35  Drone  
  16  0:53  Hatchery  
  15  1:00  Drone x2  
  17  1:04  Drone  
  18  1:26  Hatchery  
  17  1:39  Spawning Pool  
  16  1:42  Drone  
  17  2:00  Drone x3  
  20  2:11  Overlord  
  20  2:32  Zergling x4  
  20  2:33  Zergling x4  
  20  2:36  Queen  
  24  2:37  Queen  
  24  2:40  Queen  
  30  2:47  Extractor  
  30  2:50  Extractor  
  30  2:51  Drone x3  
  29  2:55  Drone  
  32  2:59  Drone  
  33  3:13  Spine Crawler  
  33  3:17  Spine Crawler  
  31  3:29  Drone  
  31  3:30  Drone x8  
  40  3:41  Overlord  
  40  3:42  Overlord  
  40  3:49  Overlord  
  40  3:54  Drone  
  40  3:55  Drone  
  42  3:59  Roach Warren  
  41  4:10  Drone x3  
  41  4:11  Drone  
  45  4:29  Drone  
  45  4:30  Drone x5  
  51  4:34  Extractor  
  51  4:35  Extractor  
  49  4:44  Drone  
  49  4:45  Drone x10  
  60  4:49  Extractor  
  60  4:51  Extractor  
  58  4:55  Spore Crawler  
  57  5:03  Roach x3  
  62  5:09  Lair  
  62  5:10  Metabolic Boost  
  62  5:26  Drone  
  62  5:27  Drone x2, Overlord x3  
  62  5:28  Overlord  
  65  5:33  Spore Crawler  
  64  5:55  Overlord x2  
  64  5:56  Roach  
  78  5:57  Roach x9  
  84  6:07  Glial Reconstitution  
  84  6:13  Spire  
  84  6:17  Drone x4, Infestation Pit  
  84  6:18  Drone  
  87  6:23  Pneumatized Carapace  
  87  7:35  Overlord  
  87  7:36  Overlord x3  
  87  7:40  Mutalisk  
  87  7:41  Mutalisk x12  
  113  8:03  Hatchery  
  112  8:33  Evolution Chamber  
  111  8:36  Evolution Chamber  
  111  8:37  Evolution Chamber  
  109  8:45  Hydralisk Den  
  108  8:50  Drone x4  
  108  8:51  Drone x4  
  108  8:54  Drone x3  
  108  8:55  Drone x7  
  126  9:19  Hydralisk x7  
  140  9:25  Extractor  
  140  9:30  Extractor  
  129  9:46  Hydralisk  
  129  9:47  Hydralisk x8  
  129  10:10  Overlord x3  
  129  10:11  Overlord  
  144  10:27  Overlord x3  
  144  10:28  Overlord  
  171  10:45  Overseer  
  171  10:47  Tunneling Claws  
  171  10:49  Muscular Augments  
  171  10:51  Hive  
  171  11:55  Hatchery  
  168  12:35  Roach  
  168  12:36  Roach x5  
  168  12:37  Roach x4  
  186  12:38  Roach  
  186  12:39  Roach x5  
  200  12:44  Burrow  
  200  13:13  Extractor  
  200  13:14  Extractor  
  146  15:17  Zergling x2  
  146  15:18  Zergling x56  
  146  15:19  Zergling x12  
  167  17:14  Mutalisk  
  167  17:15  Mutalisk x15  
Show
View Real Time Build Order
Export as new Build Order

A.I. 1 (Harder) Terran 

Build Orders: MMM Bio 

Get SALT Encoding   

  12  0:00  SCV  
  13  0:13  SCV  
  14  0:20  Supply Depot  
  14  0:25  SCV  
  15  0:42  SCV  
  16  0:43  Barracks  
  16  0:50  Refinery  
  16  0:54  SCV  
  17  1:06  SCV  
  18  1:18  SCV  
  18  1:21  Supply Depot  
  19  1:31  SCV  
  19  1:32  Marine  
  21  1:42  Barracks  
  21  1:44  Orbital Command  
  21  1:51  Barracks Tech Lab, Refinery  
  21  2:05  Factory  
  21  2:09  Marine  
  22  2:22  Supply Depot  
  22  2:27  Marine  
  22  2:28  Marine  
  24  2:45  Marine  
  24  2:47  Marine  
  26  2:52  Hellion  
  26  2:56  Supply Depot  
  28  3:03  Marine  
  28  3:04  Marine  
  30  3:14  Hellion  
  32  3:20  Marine  
  32  3:24  Supply Depot  
  33  3:31  SCV  
  34  3:35  Hellion  
  36  3:42  Engineering Bay  
  36  3:43  SCV  
  37  3:55  SCV  
  38  3:56  Hellion  
  40  4:07  SCV  
  41  4:18  Hellion  
  41  4:19  SCV  
  44  4:31  SCV  
  45  4:39  Hellion  
  47  5:01  Barracks Tech Lab  
  47  5:02  Marauder, Stimpack  
  47  5:03  Factory, Factory Tech Lab  
  47  5:06  Starport  
  49  5:09  Starport, Command Center  
  49  5:12  Supply Depot  
  49  5:19  Combat Shields  
  49  5:24  Siege Tank  
  52  5:34  Terran Infantry Weapons Level 1  
  52  5:45  Starport Tech Lab x2, Marauder  
  52  5:47  Factory Tech Lab  
  54  5:56  Siege Tank  
  57  6:00  Supply Depot  
  57  6:09  Cyclone  
  60  6:21  SCV  
  60  6:22  SCV  
  60  6:24  Refinery  
  62  6:33  SCV  
  62  6:34  SCV  
  64  6:40  Viking  
  64  6:45  SCV  
  64  6:47  SCV  
  68  6:58  SCV  
  68  6:59  SCV  
  70  7:07  Armory  
  70  7:10  SCV  
  71  7:16  Supply Depot, SCV  
  71  7:22  SCV  
  73  7:28  Terran Infantry Armor Level 1, SCV  
  74  7:33  Raven  
  74  7:34  SCV  
  74  7:35  Refinery  
  77  7:40  SCV  
  77  7:41  Missile Turret  
  77  7:42  Supply Depot  
  78  7:46  SCV  
  79  7:52  SCV  
  79  7:56  Thor  
  79  7:57  Missile Turret  
  79  7:58  Raven, SCV  
  87  8:04  Missile Turret, SCV  
  90  8:10  Missile Turret, SCV  
  91  8:16  SCV  
  91  8:17  Supply Depot  
  92  8:22  SCV  
  92  8:25  Bunker  
  93  8:28  SCV  
  93  8:30  Bunker  
  94  8:35  Sensor Tower  
  94  8:42  Barracks  
  94  9:00  Marauder  
  94  9:01  Factory  
  96  9:04  Starport, Marauder  
  98  9:12  Supply Depot  
  98  9:18  Command Center  
  98  9:28  Medivac  
  98  9:30  Barracks Reactor  
  100  9:32  Medivac  
  98  9:40  Medivac  
  98  9:43  Marine  
  91  9:46  Factory Tech Lab  
  91  9:48  Marine  
  74  9:58  Raven  
  62  10:00  Marine  
  62  10:02  Raven  
  62  10:06  Marine x2  
  67  10:08  Marine  
  67  10:11  Starport Reactor  
  68  10:18  Marine  
  69  10:24  Marine x2  
  69  10:26  Marine  
  72  10:36  Marine  
  72  10:41  Raven, Marine  
  78  10:42  Marauder  
  78  10:44  Marine  
  78  10:46  Refinery  
  78  10:49  Ghost Academy  
  79  10:51  Refinery  
  79  10:53  SCV  
  79  10:54  Marauder, SCV  
  79  10:55  SCV  
  84  10:58  Concussive Shells  
  84  10:59  Marine  
  84  11:01  Marine  
  84  11:03  Terran Infantry Weapons Level 2  
  88  11:04  Marauder  
  88  11:05  SCV  
  88  11:06  SCV  
  88  11:07  SCV  
  91  11:16  Marauder  
  91  11:17  Marine, SCV  
  95  11:18  SCV  
  95  11:19  SCV  
  95  11:22  Terran Vehicle Weapons Level 1  
  95  11:24  Ghost  
  99  11:29  SCV  
  99  11:30  SCV  
  99  11:32  SCV  
  102  11:35  Missile Turret  
  102  11:37  Marauder  
  102  11:39  Missile Turret  
  104  11:47  Fusion Core  
  104  11:49  Engineering Bay  
  104  11:52  Armory  
  104  11:54  Marauder  
  106  12:00  Bunker  
  104  12:06  Raven, Marine x3  
  108  12:09  Command Center  
  108  12:14  Terran Infantry Armor Level 2  
  108  12:15  Marine  
  109  12:24  Marine x3  
  112  12:32  Marine  
  111  12:37  Supply Depot  
  111  12:39  Terran Ship Weapons Level 1  
  111  12:42  Factory, Marine x3  
  110  12:50  Marine  
  111  12:59  SCV  
  111  13:00  Marauder, Marine x2  
  111  13:01  SCV  
  117  13:08  Ghost  
  117  13:12  Supply Depot  
  119  13:16  Terran Vehicle And Ship Armor Level 1  
  119  13:17  Marine  
  119  13:18  Marine  
  121  13:21  Terran Infantry Weapons Level 3, Marauder  
  121  13:25  Factory Tech Lab  
  123  13:37  Marauder  
  125  13:55  Refinery  
  125  14:02  Refinery  
  125  14:03  Viking x3  
  125  14:04  Hellion  
  125  14:07  Hellion  
  112  14:19  Marine  
  112  14:22  Marine  
  109  14:25  SCV  
  109  14:27  SCV  
  109  14:31  SCV  
  109  14:36  Marine  
  109  14:37  SCV  
  106  14:39  SCV  
  106  14:43  SCV  
  107  14:49  SCV  
  107  14:51  SCV  
  107  14:55  SCV  
  99  15:00  Marine  
  99  15:01  Marine, SCV  
  99  15:03  Command Center, SCV  
  77  15:07  SCV  
  77  15:08  Medivac, Marauder, Marine, Raven  
  77  15:14  SCV  
  60  15:15  SCV  
  60  15:17  Marine  
  60  15:19  Marine  
  47  15:26  Marine  
  40  15:29  Marauder  
  40  15:35  Marine  
  39  15:37  Marine  
  39  15:47  Marine  
  33  15:53  Marine  
  32  16:03  Marine  
  23  16:11  Marine  
  19  16:21  Marine  
  19  16:29  SCV  
  19  16:31  SCV  
  19  16:41  SCV  
  19  16:44  Command Center  
  17  17:00  Supply Depot  
  16  17:21  Supply Depot  
Tags
 
Composition
MMM Bio
League
Gold
Matchup
TvZ
Replay Pack
sc2 replays 2016
Add a new tag
Caveats
  • Supply blocks, unpowered buildings, or Contaminate may cause inaccurate times.
  • Supply counts are checked every 10 seconds.